AoeStats
← Janko_22

MegaRandom

507811312Analyzed
4v4 RM · 12d ago on Sep 19, 2026· 81m 46s· 8 players
Game mode
Random Map
Map size
Large (8 player)
Population
200
Speed
Normal
Resources
Standard
Victory
Conquest
Starting age
Dark Age
Ending age
Imperial Age
RankedLock teamsTeams togetherTeam positionsShared explorationLock speedFull tech treeHidden civsTurbo modeCheats
Victory
Defeat
🇲🇽 Vikings · Mexico
910
+11
🇩🇪 Teutons · Germany
856
+13
🇮🇹 Burgundians · Italy
813
+14
🇩🇪 Khmer · Germany
799
+15
🇱🇻 Persians · Latvia
868
-16
🇫🇷 Wei · France
797
-14
🇫🇷 Turks · France
796
-14
🇩🇪 Romans · Germany
674
-9
Matambo
11:49 Feudal Age
14:56 Wheelbarrow
17:42 Castle Age
17:55 Double-Bit Axe
17:57 Horse Collar
20:21 Husbandry
20:33 Bloodlines
20:54 Scale Barding Armor
23:28 Loom
27:56 Gold Mining
28:11 Heavy Plow
28:25 Bow Saw
29:04 Forging
30:12 Hand Cart
31:25 Tusk Swords
34:09 Imperial Age
32:15 Stone Mining
33:05 Gold Shaft Mining
33:17 Chain Barding Armor
33:44 Iron Casting
34:56 Elite Battle Elephant
41:20 Blast Furnace
51:23 Caravan
68:43 Crop Rotation
68:10 Town Watch
75:34 Plate Barding Armor
81:02 Conscription
Renju94
7:22 Loom
7:26 Double-Bit Axe
12:46 Feudal Age
11:33 Gold Mining
15:53 Bow Saw
16:47 Gold Shaft Mining
18:48 Castle Age
16:44 Stone Mining
17:11 Horse Collar
18:26 Gold Shaft Mining
18:34 Heavy Plow
22:29 Forging
24:12 Scale Mail Armor
29:29 Pikeman
32:54 Two-Man Saw
35:13 Chain Mail Armor
37:47 Iron Casting
44:35 Imperial Age
44:49 Fortified Wall
47:28 Scale Barding Armor
48:14 Husbandry
48:10 Cavalier
49:18 Chain Barding Armor
57:23 Wheelbarrow
59:01 Redemption
60:54 Hand Cart
70:08 Crop Rotation
71:27 Caravan
71:58 Treadmill Crane
75:30 Chemistry
Ronk999
0:31 Loom
11:06 Feudal Age
15:09 Castle Age
15:20 Scale Mail Armor
17:17 Double-Bit Axe
17:14 Horse Collar
19:01 Stone Mining
21:23 Wheelbarrow
21:28 Gold Mining
25:28 Pikeman
26:59 Scale Barding Armor
29:41 Bow Saw
29:54 Chain Mail Armor
30:22 Squires
31:11 Forging
34:54 Imperial Age
35:01 Iron Casting
34:59 Heavy Plow
36:06 Conscription
35:35 Capped Ram
38:22 Two-Man Saw
37:09 Town Watch
38:00 Arson
38:45 Cavalier
40:34 Crop Rotation
40:40 Plate Mail Armor
41:30 Hand Cart
41:51 Town Patrol
43:59 Elite Teutonic Knight
46:07 Blast Furnace
45:27 Chain Barding Armor
46:35 Caravan
50:53 Ironclad
51:47 Plate Barding Armor
60:35 Gambesons
78:36 Chemistry
77:56 Ballistics
Garciliaso
11:41 Feudal Age
12:29 Double-Bit Axe
13:07 Horse Collar
15:23 Gold Mining
19:11 Castle Age
18:43 Stone Mining
20:11 Bow Saw
19:54 Crossbowman
23:44 Heavy Plow
24:10 Fletching
25:57 Bodkin Arrow
Janko_22
2:38 Loom
11:36 Feudal Age
19:53 Castle Age
18:13 Horse Collar
18:54 Double-Bit Axe
21:29 Scale Barding Armor
22:44 Heavy Plow
24:58 Bloodlines
26:33 Forging
26:48 Chain Barding Armor
28:13 Squires
27:36 Man-at-Arms
30:16 Gold Mining
30:44 Bow Saw
36:25 Imperial Age
35:22 Wheelbarrow
34:33 Town Watch
35:52 Iron Casting
35:31 Long Swordsman
41:20 Blast Furnace
40:21 Scale Mail Armor
42:36 Conscription
42:22 Legionary
45:04 Chain Mail Armor
47:17 Hand Cart
47:48 Capped Ram
54:47 Pikeman
55:42 Halberdier
59:58 Heavy Scorpion
68:06 Ballistas
TheSoldier_
11:42 Feudal Age
19:48 Castle Age
18:02 Double-Bit Axe
19:00 Stone Mining
19:01 Gold Mining
21:54 Forging
28:54 Stone Shaft Mining
28:06 Horse Collar
31:22 Scale Barding Armor
33:10 Heavy Plow
35:23 Iron Casting
35:45 Wheelbarrow
36:09 Bow Saw
39:49 Imperial Age
37:53 Tuntian
37:54 Loom
38:50 Caravan
40:55 Heavy Hei Guang Cavalry
41:32 Pikeman
hyoshimi
10:54 Feudal Age
18:40 Castle Age
17:14 Horse Collar
17:20 Double-Bit Axe
17:29 Gold Mining
20:18 Heavy Plow
20:29 Bow Saw
23:24 Stone Mining
24:40 Wheelbarrow
25:54 Gold Shaft Mining
28:38 Hand Cart
31:18 Imperial Age
30:55 Town Watch
30:56 Loom
31:14 Fletching
31:25 Padded Archer Armor
32:47 Conscription
32:53 Artillery
33:22 Bombard Tower
33:25 Ballistics
33:17 Town Patrol
33:46 Bodkin Arrow
34:07 Leather Archer Armor
34:54 Two-Man Saw
34:31 Parthian Tactics
36:43 Bracer
37:02 Elite Janissary
42:06 Caravan
42:36 Coinage
42:16 Guilds
46:43 Ring Archer Armor
47:34 Banking
AjeziSajirava
7:46 Loom
10:41 Feudal Age
14:58 Bloodlines
17:57 Castle Age
17:02 Horse Collar
19:17 Double-Bit Axe
28:48 Wheelbarrow
34:59 Imperial Age
33:23 Scale Barding Armor
33:29 Forging
33:23 Husbandry
35:12 Chain Barding Armor
34:45 Cavalier
37:18 Savar
38:40 Hand Cart
39:07 Iron Casting
38:42 Heavy Plow
38:27 Light Cavalry
38:41 Elite Skirmisher
39:51 Caravan
40:02 Crossbowman
40:47 Thumb Ring
41:54 Blast Furnace
41:52 Kamandaran
42:20 Conscription
42:10 Fletching
42:20 Padded Archer Armor
42:56 Guilds
43:08 Bodkin Arrow
44:27 Chemistry
43:51 Town Watch
44:31 Leather Archer Armor
44:55 Plate Barding Armor
46:39 Citadels
47:38 Ballistics
47:29 Masonry
48:26 Ring Archer Armor
48:35 Hussar
49:33 Heavy Camel Rider
Connection lost

Rejoining the realm…

Still unreachable

The connection could not be restored.

Session expired

The server has moved on; the page needs a fresh start.